 Dungeon Sprint DCSS version 0.24.0-123-gd5b16e6ec5 (webtiles) character file.

Game seed: 17532736902206798700, levelgen mode: deterministic

349 McKennaii the Destroyer (level 6, -5/43 (46) HPs)
             Began as a Draconian Conjurer on Jan 26, 2020.
             Slain by a crocodile (17 damage)
             ... in the Dungeon (Sprint II: "The Violet Keep of Menkaure").
             The game lasted 00:01:06 (377 turns).

McKennaii the Destroyer (Draconian Conjurer)         Turns: 377, Time: 00:01:07

HP:   -5/43 (46)    AC:  6    Str: 10    XL:     6   Next: 33%
MP:   6/14          EV: 14    Int: 17    God:
Gold: 243           SH:  0    Dex: 12    Spells: 15/16 levels left

rFire    . . .     SeeInvis .   (no weapon)
rCold    . . .     Gourm    .   (no shield)
rNeg     . . .     Faith    .   (armour unavailable)
rPois    .         Spirit   .   (helmet restricted)
rElec    .         Reflect  .   (no cloak)
rCorr    .         Harm     .   (no gloves)
MR       .....     NoTele   +   (no boots)
Stlth    ++........             (no amulet)
HPRegen  0.14/turn              (no ring)
MPRegen  0.14/turn              (no ring)

@: no status effects
A: unfitting armour, cold-blooded, AC +6
a: no special abilities


You were in the Dungeon.
You were not hungry.

You visited 1 branch You collected 243 gold pieces.

Inventory:

Scrolls
 h - a scroll of blinking
Potions
 c - a potion of curing
 e - a potion of haste
 f - 2 potions of magic
Comestibles
 b - a ration


   Skills:
 + Level 0.6 Fighting
 + Level 4.1 Dodging
 + Level 3.4 Stealth
 * Level 5.8 Spellcasting
 + Level 11.5 Conjurations


You had 15 spell levels left.
You knew the following spells:

 Your Spells              Type           Power        Failure   Level  Hunger
a - Magic Dart            Conj           ####         1%          1    None

Your spell library contained the following spells:

 Spells                   Type           Power        Failure   Level  Hunger
 Searing Ray              Conj           #####.       1%          2    #......
 Iskenderun's Mystic Bla  Conj           #####...     1%          4    ####...
 Dazzling Spray           Conj/Hex       ###...       3%          3    ##.....
 Force Lance              Conj/Tloc      ###.....     12%         4    ####...
 Fulminant Prism          Conj/Hex       ###.......   12%         4    ####...


Dungeon Overview and Level Annotations

Branches:
Dungeon (1/1)

Altars:
Vehumet
Zin

Shops:
D ::!}%(!==[([[[?=

Annotations:
D exclusion: oklob plant, Menkaure


Innate Abilities, Weirdness & Mutations

Your plain brown scales are hard. (AC +6)
You cannot fit into any form of body armour.
You are cold-blooded and may be slowed by cold attacks.


Message History

The magic dart hits the crocodile.
The crocodile is severely wounded.
The crocodile closely misses you.
Casting: Magic Dart (safe; 1% risk of failure)
Confirm with . or Enter, or press ? or * to list all spells.
Aiming: Magic Dart (safe; 1% risk of failure)
Press: ? - help, Shift-Dir - straight line, f/p - crocodile
Aim: a crocodile (severely wounded)
The magic dart hits the crocodile.
The crocodile is almost dead.
The crocodile barely misses you.
Casting: Magic Dart (safe; 1% risk of failure)
Confirm with . or Enter, or press ? or * to list all spells.
Aiming: Magic Dart (safe; 1% risk of failure)
Press: ? - help, Shift-Dir - straight line, f/p - crocodile
Aim: a crocodile (almost dead)
The magic dart hits the crocodile but does no damage.
The crocodile is almost dead.
The crocodile bites you!
You die... ++ ###########≈≈≈... .. ##∩.∩.....#≈≈≈≈.# .. ##.∩.∩....#≈≈≈≈## ##. ##..∩.∩...#≈≈≈≈ .# #. ##...∩.∩..#≈≈### H#H

## ##....∩.⌠.#≈##.#
#+###.
##...∩.∩..#≈#...##.##..
##..∩.@t..'≈+# #Mw<.÷.#
##.∩.∩....#≈#$w.##.##..
#▓▓▓▓▓▓▓###≈##. #+###.
##HHH######≈≈### a#. ##
#(FF# ##≈≈≈#.a aa#≈
#∩P?+ #+#≈### ###≈ #($.
#≈≈##+##≈≈ #(.!
##≈≈≈≈≈≈≈≈ #+++#+++#


You could see an oklob plant, 3 hippogriffs, 2 spiny frogs and a crocodile.

Vanquished Creatures
  4 necrophages (D)
4 creatures vanquished.

Vanquished Creatures (others)
  A hippogriff (D)
  A crocodile (D)
2 creatures vanquished.

Grand Total: 6 creatures vanquished

Notes
Turn   | Place    | Note
-------+----------+-------------------------------------------
     0 | D        | McKennaii the Draconian Conjurer began the quest for the
                  | Orb.
     0 | D        | Reached XP level 1. HP: 14/14 MP: 3/3
     1 | D        | Noticed a tyrant leech
     1 | D        | Noticed a tyrant leech
     5 | D        | Noticed a hippogriff
     5 | D        | Noticed a hippogriff
     9 | D        | Noticed a worker ant
     9 | D        | Noticed a worker ant
     9 | D        | Noticed a worker ant
     9 | D        | Noticed a worker ant
    13 | D        | Noticed a necrophage
    13 | D        | Noticed a necrophage
    13 | D        | Noticed a necrophage
    13 | D        | Noticed a necrophage
    22 | D        | Killed a necrophage
    22 | D        | Reached skill level 8 in Conjurations
    22 | D        | Reached XP level 2. HP: 19/19 MP: 3/6
    22 | D        | Reached XP level 3. HP: 25/25 MP: 4/8
    22 | D        | Reached XP level 4. HP: 32/32 MP: 4/9
    29 | D        | Killed a necrophage
    29 | D        | Reached skill level 9 in Conjurations
    29 | D        | Reached XP level 5. HP: 37/37 MP: 4/12
    31 | D        | Killed a crocodile
    40 | D        | Killed a necrophage
    40 | D        | Reached skill level 5 in Spellcasting
    40 | D        | Reached skill level 10 in Conjurations
    73 | D        | HP: 1/35 [necrophage (2)]
    76 | D        | Killed a necrophage
    76 | D        | Reached skill level 11 in Conjurations
    76 | D        | Reached XP level 6. HP: 1/43 MP: 0/14
   155 | D        | Killed a hippogriff
   336 | D        | Noticed Menkaure
   343 | D        | Found a glowing silver altar of Zin.
   344 | D        | Found a radiant altar of Vehumet.
   348 | D        | Noticed a flying skull
   350 | D        | Noticed a flying skull
   350 | D        | Noticed a flying skull
   351 | D        | Noticed a flying skull
   352 | D        | Noticed a flying skull
   352 | D        | Noticed a flying skull
   352 | D        | Noticed a flying skull
   353 | D        | Noticed a flying skull
   353 | D        | Noticed a flying skull
   353 | D        | Noticed a flying skull
   353 | D        | Noticed a flying skull
   353 | D        | Noticed a flying skull
   357 | D        | Found Guato's Jewellery Shop.
   358 | D        | Found Nesk's Antique Armour Shop.
   358 | D        | Found Gusy's Antique Armour Boutique.
   358 | D        | Found Kusack's Magic Scroll Boutique.
   359 | D        | Found Xanejica's Antique Weapon Shop.
   359 | D        | Found Orphysi's Antique Armour Boutique.
   359 | D        | Found Foneoc's Jewellery Shop.
   359 | D        | Found Jodi's Antique Armour Shop.
   360 | D        | Found Tukalou's Distillery.
   360 | D        | Found Ycvuph's Antique Weapon Boutique.
   360 | D        | Found Ketun's Jewellery Boutique.
   361 | D        | Found Jiofyof's Food Shop.
   363 | D        | Found Omuuluj's Gadget Boutique.
   363 | D        | Found Ufia's Distillery.
   363 | D        | Noticed a hippogriff
   363 | D        | Noticed a hippogriff
   363 | D        | Noticed a hippogriff
   363 | D        | Noticed an oklob plant
   363 | D        | Noticed a spiny frog
   364 | D        | Noticed a spiny frog
   369 | D        | Found Suufa's Book Shoppe.
   369 | D        | Found Lienn's Book Boutique.
   377 | D        | Slain by a crocodile

Levels and vault maps discovered:
D:        the_violet_keep_of_menkaure [sprint2_stairs_cluster_1,
          sprint2_shoproom, sprint2_temple, sprint2_basic_supplies,
          sprint2_obstacle_1, sprint2_obstacle_2, sprint2_obstacle_3,
          sprint2_obstacle_6, sprint2_obstacle_7, sprint2_timed_cluster_1,
          sprint2_smallroom_cluster_1, sprint2_smallroom_final_cluster_1,
          sprint2_transparent_cluster_1, sprint2_second_timed_cluster_1,
          sprint2_sniper_area_1, sprint2_heavy_combat_area_1,
          sprint2_mutation_trap_area_1, sprint2_forest_area_1,
          sprint2_light_combat_area_1, sprint2_behind_water_1,
          sprint2_near_end_vault_1]

Skill      XL: |  1  2  3  4  5 |
---------------+----------------+-----
Dodging        | 2 3 4 |  4.1
Stealth        | 2 3 |  3.4
Spellcasting   | 3 4 5 |  5.8
Conjurations   | 8 9 11 | 11.5
Fighting       | |  0.6

Action                   |  1- 3 |  4- 6 || total
-------------------------+-------+-------++-------
Melee: Unarmed           |     8 |    38 ||    46
       Tailslap          |       |     4 ||     4
 Cast: Magic Dart        |       |    22 ||    22
  Use: Potion            |     1 |     1 ||     2
Armor: Skin              |     1 |    20 ||    21
Dodge: Dodged            |     2 |    25 ||    27
